 Dungeon Crawl Stone Soup version 0.17.1-1-g73c8601 (webtiles) character file.

458 Implojin the Grappler (level 6, 0/59 HPs)
             Began as a Troll Monk on Apr 4, 2016.
             Shot with an arrow of flame by a centaur (2 damage)
             ... on level 7 of the Dungeon.
             The game lasted 00:04:42 (724 turns).

Implojin the Grappler (Troll Monk)                   Turns: 724, Time: 00:04:42

Health: 0/59       AC:  5    Str: 20    XL:     6   Next: 77%
Magic:  5/5        EV: 10    Int:  6    God:
Gold:   35         SH:  0    Dex: 14    Spells: 0 memorised, 5 levels left

rFire  . . .     SeeInvis .       - Unarmed
rCold  . . .     Clarity  .     a - +0 robe
rNeg   . . .     SustAt   .     (no shield)
rPois  .         Gourm    +     (helmet restricted)
rElec  .         Spirit   .     (no cloak)
rCorr  .         Warding  .     (gloves unavailable)
rMut   .         Stasis   .     (boots unavailable)
MR     .....                    (no amulet)
Stlth  ++........               (no ring)
                                (no ring)

@: not resistant to hostile enchantments, unstealthy
A: unfitting armour, claws 3, fast metabolism 3, gourmand, regeneration 2,
shaggy fur 1, tough skin 2
a: no special abilities


You were on level 7 of the Dungeon.
You were full.

You visited 1 branch of the dungeon, and saw 8 of its levels.

You collected 35 gold pieces.

Inventory:

Armour
 a - a +0 robe (worn)
Jewellery
 g - an uncursed ring of loudness
 o - an uncursed ring of fire
Scrolls
 c - a scroll of recharging {unknown}
 h - a scroll of immolation {unknown}
 j - 2 scrolls of identify {unknown}
Potions
 e - a potion of brilliance {unknown}
 i - a potion of cancellation {unknown}
 k - a potion of curing {unknown}
 l - a potion of magic {unknown}
 m - a potion of agility {unknown}
Books
 f - a book of Hinderance

   Spells                             Type                      Level
   a - Confusing Touch                Hexes                        2
   b - Confuse                        Hexes                        3
   c - Gell's Gravitas                Hexes/Translocation          3
   d - Petrify                        Transmutation/Earth          4
   e - Metabolic Englaciation         Hexes/Ice                    5
 n - a book of Summonings

   Spells                             Type                      Level
   a - Recall                         Summoning/Translocation      3
   b - Aura of Abjuration             Summoning                    5
   c - Shadow Creatures               Summoning                    5
   d - Summon Demon                   Summoning                    5
   e - Summon Forest                  Summoning/Translocation      5
   f - Summon Mana Viper              Hexes/Summoning              5
Comestibles
 b - 3 bread rations
 d - 3 meat rations


   Skills:
 - Level 2.4 Fighting
 - Level 2.4 Dodging
 - Level 1.1 Stealth
 * Level 8.2 Unarmed Combat


You had 5 spell levels left.
You didn't know any spells.

Dungeon Overview and Level Annotations

Branches:
Dungeon (8/15)
 Temple: D:4-7         Lair: D:8-11

Altars:

Shops:
D:7 =


Innate Abilities, Weirdness & Mutations

You are too large for most types of armour.
You have claws for hands.
Your metabolism is lightning-fast.
You like to eat raw meat.
You heal very quickly.
You are covered in fur (AC +1).
You have very tough skin (AC +2).


Message History

There is a stone staircase leading down here.
You climb downwards.
Found 19 stones, a meat ration and 18 gold pieces.
Found a stone staircase leading down.
There is a stone staircase leading up here.
A hound skeleton comes into view.
You see here a meat ration.
d - 3 meat rations (gained 1)
There is a stone staircase leading up here.
You climb upwards.
There is a stone staircase leading down here.
Found a metal-bound book.
Found Atopan's Jewellery Shop.
Found a shiny ring mail.
There is an entrance to Atopan's Jewellery Shop here.
You can access your shopping list by pressing '$'.
A centaur comes into view.
The centaur shouts!
The centaur wields a shortbow.
The centaur shoots an arrow of flame.
The arrow of flame hits you!
* * * LOW HITPOINT WARNING * * *
The arrow of flame burns you.
* * * LOW HITPOINT WARNING * * *
You see here an arrow of flame.
The centaur shoots an arrow of flame.
The arrow of flame hits you.
* * * LOW HITPOINT WARNING * * *
The arrow of flame burns you.
* * * LOW HITPOINT WARNING * * *
The centaur shoots an arrow of flame.
The arrow of flame hits you!
* * * LOW HITPOINT WARNING * * *
The arrow of flame burns you.
* * * LOW HITPOINT WARNING * * *
You see here an arrow of flame.
Found a stone staircase leading down.
f - a book of Hinderance
There are no items here.
The centaur shoots an arrow of flame.
The arrow of flame hits you!
* * * LOW HITPOINT WARNING * * *
The arrow of flame burns you.
You die...

*,** *,........>..# *,,*
*,,...###.####
**,******#.#####.##
*,,,,,,*#........##
*,****,*#.........#
*,****,*#.........# ****
*,,,,#,*#...(.....# ,,,*
*,**,#.###........# ****
**,******,**,#..@.........# *,,,
**,*,,,,,......###((.....8# *,**
,,,,,,,,*>.#...........##.####...
**,*,,,,*,,###.#....c..8.∩.8.....
,,,*,*,,*,,* *,#...#.####.#..#[.#
****,**<*,,* *.......# #8#.....,
*,,,,,,,* ###...### #.#,.#... **
*,,,,,,,** #..c# #..,..,.. ,*
**,,,,,,,* #...# ###,,#.,.


You could see a centaur.

Vanquished Creatures
  A phantom (D:5)
  A centaur (D:7)
  A scorpion (D:5)
  An orc priest (D:7)
  A centaur skeleton (D:7)
  4 worker ants
  3 adders
  A gnoll (D:5)
  A worker ant zombie (D:5)
  A shadow imp (D:7)
  An ooze (D:4)
  5 orcs
  2 giant cockroaches
  4 goblins
  4 kobolds
  A quokka (D:4)
  A bat (D:3)
  2 giant newts
  2 jackals (D:4)
  3 rats (D:2)
40 creatures vanquished.

Notes
Turn   | Place    | Note
--------------------------------------------------------------
     0 | D:1      | Implojin the Troll Monk began the quest for the Orb.
     0 | D:1      | Reached XP level 1. HP: 22/22 MP: 0/0
   162 | D:3      | Reached XP level 2. HP: 23/29 MP: 1/1
   295 | D:3      | Reached skill level 5 in Unarmed Combat
   295 | D:3      | Reached XP level 3. HP: 36/36 MP: 2/2
   380 | D:4      | Reached XP level 4. HP: 40/44 MP: 3/3
   408 | D:5      | Entered Level 5 of the Dungeon
   420 | D:4      | Noticed a phantom
   471 | D:5      | Reached skill level 6 in Unarmed Combat
   495 | D:5      | Reached XP level 5. HP: 39/50 MP: 4/4
   574 | D:5      | Noticed a phantom
   599 | D:5      | Reached skill level 7 in Unarmed Combat
   631 | D:5      | Killed a phantom
   631 | D:5      | Reached XP level 6. HP: 55/59 MP: 5/5
   672 | D:7      | Reached skill level 8 in Unarmed Combat
   704 | D:7      | Found Atopan's Jewellery Shop.
   724 | D:7      | HP: 2/59 [centaur/arrow of flame (10)]
   724 | D:7      | Shot with an arrow of flame by a centaur

Action                   |  1- 3 |  4- 6 || total
-------------------------+-------+-------++-------
Melee: Unarmed           |    54 |    65 ||   119
  Use: Scroll            |     2 |     1 ||     3
 Stab: Sleeping          |     2 |       ||     2
  Eat: Chunk             |     3 |     5 ||     8

Table legend:
 A = Turns spent in this place as a percentage of turns spent in the entire game.
 B = Non-inter-level travel turns spent in this place as a percentage of non-inter-level travel turns spent in the entire game.
 C = Inter-level travel turns spent in this place as a percentage of turns spent in this place.
 D = Turns resting spent in this place as a percentage of non-inter-level travel turns spent in this place.
 E = Turns spent auto-exploring this place as a percentage of non-inter-level travel turns spent in this place.
 F = Non-inter-level travel turns spent in this place divided by the number of levels of this place that you've seen.
                   A       B       C       D       E      F
               +-------+-------+-------+-------+-------+----------------------
         Total | 100.0 | 100.0 |   0.0 |   0.0 |   0.0 |  88.9
       Dungeon | 100.0 | 100.0 |   0.0 |   0.0 |   0.0 |  88.9
               +-------+-------+-------+-------+-------+----------------------

Table legend:
 A = Kills in this place as a percentage of kills in entire the game.
 B = Kills by you in this place as a percentage of kills by you in the entire game.
 C = Kills by friends in this place as a percentage of kills by friends in the entire game.
 D = Other kills in this place as a percentage of other kills in the entire game.
 E = Experience gained in this place as a percentage of experience gained in the entire game.
 F = Experience gained in this place divided by the number of levels of this place that you have seen.
                   A       B       C       D       E      F
               +-------+-------+-------+-------+-------+----------------------
         Total | 100.0 | 100.0 |  -nan |  -nan | 100.0 |  81.9
       Dungeon | 100.0 | 100.0 |  -nan |  -nan | 100.0 |  81.9
               +-------+-------+-------+-------+-------+----------------------
